tsadok, lawful male dwarven Barbarian ---- -------------------..| ----.......:....h.......-- |..[.[.--...----------...| |`..--.....-- |...| |...--.[...| ---^| |..........-- ---------+| |..........>| |.........| --.---------- |.........| |..| |....<....| --..------- |.........| |.....`.`.| |.........| |.........| ----------- ----------- tsadok the Bandit Experience level: 7 Strength: 17 Dexterity: 17 Constitution: 20 Intelligence: 9 Wisdom: 8 Charisma: 6 Health: 104(104) Energy: 5(5) Def: 6 Gold: 0 Moves: 4057 Dungeon seed: _zA_DERYVgdog-Bj Game ID: tsadok_1439590896 Your Inventory: Weapons a - an uncursed +0 two-handed sword (weapon in hands) c - 7 uncursed +0 daggers (in quiver) g - an uncursed +0 long sword named b.U i - an uncursed +0 axe (alternate weapon; not wielded) m - an uncursed +0 elven dagger x - 2 cursed -1 darts y - 29 uncursed +0 darts T - 3 blessed +1 darts Armor d - an uncursed +0 orcish helm (being worn) n - an uncursed +0 studded leather armor (being worn) K - an uncursed +0 pair of iron shoes (being worn) Comestibles h - an uncursed carrot s - 3 uncursed tripe rations t - an uncursed lichen corpse v - an uncursed eucalyptus leaf D - an uncursed egg Q - 4 uncursed food rations W - 3 uncursed pancakes Z - 2 uncursed mustard seeds Rings q - an uncursed ring of searching named b.U B - an uncursed ring of shock resistance named b.U C - an uncursed ring of conflict V - an uncursed ring of searching X - an uncursed ring of protection from shape changers named b.U Wands F - an uncursed wand of striking (0:4) G - an uncursed wand of magic missile (0:3) M - an uncursed wand of striking (0:4) Tools b - an uncursed bag of holding k - an uncursed skeleton key w - an uncursed tin whistle z - an uncursed blindfold E - 11 uncursed tallow candles (0:200) J - an uncursed leash L - a cursed tallow candle (0:200) U - 6 blessed tallow candles (0:200) Gems e - 2 uncursed worthless pieces of orange glass r - 3 uncursed worthless pieces of violet glass I - an uncursed worthless piece of yellowish brown glass N - an uncursed worthless piece of black glass O - an uncursed worthless piece of white glass S - an uncursed worthless piece of green glass Y - an uncursed jacinth stone Contents of the bag of holding: 792 gold pieces a blessed scroll of blank paper 2 uncursed scrolls of blank paper a cursed scroll of blank paper an uncursed scroll of confuse monster an uncursed scroll of earth a cursed scroll of earth an uncursed potion of confusion an uncursed potion of fruit juice 7 blessed wax candles (0:400) Spells and supernatural/magical abilities: Name Level Category Fail Memory W - pray for help -- divine ? -- Your skills at the end: Fighting Skills bare handed combat [Basic] Weapon Skills axe [Basic] two-handed sword [Basic] Spellcasting Skills Final Attributes: You were fervently aligned. You were poison resistant. You had infravision. You aggravated monsters. You were fast. You were unlucky. You survived. Vanquished creatures: a large mimic a gnome king a housecat a snake 10 Uruk-hai a rock piercer a yellow light a shrieker 5 gnome lords a gnomish wizard a straw golem a paper golem a floating eye a dwarf a kobold lord 11 hill orcs 2 rothes a rabid rat a giant bat an orc zombie 8 killer bees 3 coyotes a gas spore 4 hobbits 2 large kobolds a giant rat 4 cave spiders 2 green molds 22 gnomes 5 garter snakes 4 geckos 9 jackals 2 foxen 2 kobolds 2 goblins 2 grid bugs 3 lichens 2 kobold zombies 5 newts 127 creatures vanquished. Voluntary challenges: You were an atheist. You used a wielded weapon 143 times, starting on turn 115. You read items or engraved 5 times, starting on turn 1324. You never genocided any monsters. You never polymorphed an object. You never changed form. You used no wishes. You never split a pudding. You never wrote Elbereth's name. You never violated your personal moral code. Dungeon overview: The Dungeons of Doom: levels 1 to 7 Level 1 a fountain a long staircase Level 2 some fountains Level 3 a fountain stairs to The Gnomish Mines Level 4 Level 5 many fountains Level 6 (MainStash) a weapon shop, a fountain, a sink stairs to Sokoban Level 7 The Gnomish Mines: levels 4 to 6 Level 4 stairs to The Dungeons of Doom Level 5 Level 6 Sokoban: levels 4 to 5 Level 4 <- You were here Level 5 stairs to The Dungeons of Doom History has recorded: On T:1 you entered the Dungeons of Doom to retrieve the Amulet of Yendor! On T:312 you reached level 2 of The Dungeons of Doom. On T:591 you reached level 3 of The Dungeons of Doom. On T:802 you advanced to experience level 2. On T:997 you reached level 4 of The Dungeons of Doom. On T:1147 you reached level 1 of The Gnomish Mines. On T:1167 you advanced to experience level 3. On T:1312 you advanced to experience level 4. On T:1390 you reached level 2 of The Gnomish Mines. On T:1603 you advanced to experience level 5. On T:1723 you reached level 3 of The Gnomish Mines. On T:1767 you advanced to experience level 6. On T:2289 you reached level 5 of The Dungeons of Doom. On T:2404 you reached level 6 of The Dungeons of Doom. On T:2507 you advanced to experience level 7. On T:2813 you reached level 7 of The Dungeons of Doom. On T:2884 you reached level 4 of Sokoban. On T:3519 you reached level 3 of Sokoban. Score breakdown: Gold: 792 ( 79 points) Experience: 7 levels ( 600 points) Exploration: 7 levels ( 180 points) Discoveries: 5 items ( 250 points) Variety of kills: 39 monsters ( 1950 points) Major goal: (nothing yet) ( 0 points) Survival: quit (score multiplied by 3) Total score: 9177 Latest messages: Final status: Goodbye tsadok the Barbarian, quit... You quit in Sokoban on dungeon level 4 with 9177 points, and 792 pieces of gold, after 4057 moves. You were level 7 with a maximum of 104 hit points when you quit.